 Dungeon Crawl Stone Soup version 0.30-a0-341-g682706514a (webtiles) character file.

Game seed: 9185919393045681076

779 bande the Chopper (level 7, -2/44 HPs)
             Began as a Gargoyle Fighter on Nov 5, 2022.
             Was an Initiate of Okawaru.
             Slain by a wyvern (7 damage)
             ... on level 6 of the Dungeon.
             The game lasted 00:08:11 (4355 turns).

bande the Chopper (Gargoyle Fighter)                Turns: 4355, Time: 00:08:11

Health: -2/44      AC: 16    Str: 20    XL:     7   Next: 85%
Magic:  7/7        EV:  7    Int:  8    God:    Okawaru [......]
Gold:   244        SH:  5    Dex: 11    Spells: 6/6 levels left

rFire   . . .      SeeInvis .    a - +0 war axe
rCold   + . .      Faith    .    c - +0 buckler
rNeg    + . .      Spirit   .    h - +0 chain mail
rPois   ∞          Reflect  .    (no helmet)
rElec   +          Harm     .    e - +1 cloak
rCorr   .          Rampage  .    (no gloves)
Will    +....                    (no boots)
Stlth   ..........               (no amulet)
HPRegen 0.27/turn                f - ring of willpower
MPRegen 0.10/turn                g - ring of protection from cold

@: no status effects
A: sickness immunity, AC +4, negative energy resistance 1, electricity
resistance, torment resistance 1, petrification resistance
a: Renounce Religion


You were on level 6 of the Dungeon.
You worshipped Okawaru.
Okawaru was noncommittal.
You visited 1 branch of the dungeon, and saw 6 of its levels.

You collected 244 gold pieces.

Inventory:

Hand Weapons
 a - a +0 war axe (weapon)
 o - a +0 flail
Armour
 c - a +0 buckler (worn)
 e - a +1 cloak (worn)
 h - a +0 chain mail (worn)
Jewellery
 f - a ring of willpower (left hand)
 g - a ring of protection from cold (right hand)
 m - a ring of resist corrosion
Wands
 i - a wand of roots (7)
Scrolls
 b - 5 scrolls of teleportation
 k - a scroll of blinking
 n - a scroll of poison
 r - a scroll of identify
Potions
 d - 5 potions of might
 j - a potion of brilliance
 l - a potion of flight
 p - a potion of heal wounds
 s - a potion of resistance


   Skills:
 + Level 4.3 Fighting
 + Level 5.4 Axes
 + Level 4.9 Armour
 + Level 4.4 Shields
 * Level 1.1 Invocations
 * Level 2.7 Evocations


You had 6 spell levels left.
You didn't know any spells.
Your spell library contained the following spells:

 Spells                   Type           Power      Damage    Failure   Level
 Scorch                   Fire           0%         2d5       100%        2
 Static Discharge         Conj/Air       0%         2-2/arc   100%        2
 Portal Projectile        Hex/Tloc       0%         N/A       100%        3
 Vhi's Electric Charge    Tloc/Air       0%         N/A       100%        3
 Flame Wave               Conj/Fire      0%         2d4       100%        4
 Arcjolt                  Conj/Air       0%         1d10      100%        5
 Blade Hands              Tmut           0%         N/A       100%        5
 Lightning Bolt           Conj/Air       0%         1d11      100%        5
 Tukima's Dance           Hex            Unusable   N/A       N/A         3
 Summon Cactus Giant      Summ           Unusable   N/A       N/A         6

Dungeon Overview and Level Annotations

Branches:
Dungeon (6/15)
 Temple: D:4-7

Altars:
Fedhas
Makhleb
Nemelex Xobeh
Okawaru
Trog

Shops:
D:4 =


Innate Abilities, Weirdness & Mutations

You are immune to sickness and miasma.
Your stone body is resilient. (AC +4)
You are immune to poison.
You resist negative energy. (rN+)
You are resistant to electric shocks. (rElec)
You are resistant to unholy torment.
You are immune to petrification.


Message History

No target in view!
A wyvern comes into view.
A wyvern is nearby!
A gnoll sergeant and a gnoll come into view.
The gnoll sergeant is wielding a +3 spear of venom.
The gnoll sergeant shouts!
The gnoll shouts!
A gnoll and a jelly come into view.
The gnoll shouts!
The jelly quivers.
You hear a shout!
The wyvern barely misses you.
A gnoll comes into view. It is wielding a +0 club.
You block the wyvern's attack.
The wyvern bites you but does no damage.
The wyvern bites you. The gnoll hits you but does no damage.
You block the wyvern's attack. The wyvern completely misses you.
The wyvern attacks as you move away! The wyvern closely misses you.
The wyvern bites you. The wyvern bites you! You block the wyvern's attack.
The wyvern closely misses you. The wyvern attacks as you move away!
The wyvern bites you!
* * * LOW HITPOINT WARNING * * *
The wyvern bites you.
* * * LOW HITPOINT WARNING * * *
The wyvern attacks as you move away!
The wyvern bites you but does no damage.
The wyvern bites you.
* * * LOW HITPOINT WARNING * * *
The wyvern attacks as you move away! You block the wyvern's attack.
You block the wyvern's attack.
The wyvern bites you but does no damage.
There is a burning altar of Makhleb here.
Things that are here:
a +0 whip; a +0 robe The wyvern bites you but does no damage.
Items here: )) [ †.
The wyvern attacks as you move away! The wyvern bites you!
You die...

.........g#..#.#.#.#
..........#..#.#.#J#
..........#..#.#.#.#
.....####.#..#.#)#g#
##### #.#..#.#.#g#
#.####.#.#.#
#....g...#.#
####)_.#.###.#
#<)@l..#..g..#
#####..####### ##.#
#.# #.# #.# #.( ###


You could see a wyvern and a gnoll sergeant.

Vanquished Creatures
  A water moccasin (D:5)
  A centaur (D:5)
  A phantom (D:5)
  A bullfrog (D:4)
  A scorpion (D:4)
  2 necrophages (D:5)
  A hound (D:4)
  A gnoll bouda (D:6)
  An iguana (D:5)
  2 orc wizards (D:4)
  3 gnolls (D:6)
  2 adders
  2 ufetubi
  2 worms
  A dart slug (D:2)
  10 orcs
  8 ball pythons
  6 endoplasms
  3 giant cockroaches
  6 goblins
  11 hobgoblins
  4 jackals (D:2)
  4 quokkas
  5 bats
  2 frilled lizards
  5 kobolds
  4 rats
90 creatures vanquished.

Notes
Turn   | Place    | Note
-------+----------+-------------------------------------------
     0 | D:1      | bande the Gargoyle Fighter began the quest for the Orb.
     0 | D:1      | Reached XP level 1. HP: 14/14 MP: 1/1
   114 | D:1      | Reached skill level 2 in Axes
   216 | D:1      | Reached XP level 2. HP: 19/19 MP: 2/2
   685 | D:1      | Reached XP level 3. HP: 23/23 MP: 3/3
  1558 | D:3      | Reached XP level 4. HP: 28/28 MP: 4/4
  1951 | D:3      | Found a bloodstained altar of Trog.
  2058 | D:4      | Found a blossoming altar of Fedhas.
  2079 | D:4      | Found an iron altar of Okawaru.
  2146 | D:4      | Reached skill level 3 in Axes
  2194 | D:4      | Reached skill level 1 in Evocations
  2275 | D:4      | Reached XP level 5. HP: 33/33 MP: 5/5
  2308 | D:4      | Found a sparkling altar of Nemelex Xobeh.
  2412 | D:4      | Found Baemoes's Jewellery Boutique.
  2494 | D:4      | Reached skill level 4 in Axes
  2494 | D:4      | Reached XP level 6. HP: 34/38 MP: 6/6
  2882 | D:5      | Entered Level 5 of the Dungeon
  2923 | D:5      | Noticed a water moccasin
  2932 | D:5      | Killed a water moccasin
  3037 | D:5      | Reached XP level 7. HP: 43/43 MP: 7/7
  3343 | D:5      | Reached skill level 5 in Axes
  3523 | D:4      | Became a worshipper of Warmaster Okawaru
  3794 | D:6      | Found a burning altar of Makhleb.
  4214 | D:6      | Reached skill level 1 in Invocations
  4327 | D:6      | Noticed a wyvern
  4355 | D:6      | Slain by a wyvern

Illustrated notes

Levels and vault maps discovered:
D:1:      tarquinn_simple_flora_water_a, layout_loops_ring
D:2:      layout_loops_ring
D:3:      layout_basic, lemuel_tele_altar
D:4:      layout_basic, general_overflow_altar, mainiacjoe_overflow_24_doors,
          nicolae_overflow_hidden_temple, serial_shops, kennysheep_little_box
D:5:      layout_gridville
D:6:      layout_basic, bloody_makhleb, minmay_temple_entry_mist,
          hangedman_decor_points, kennysheep_crisscross

Skill      XL: |  1  2  3  4  5  6  7 |
---------------+----------------------+-----
Axes           | 2 3 4 5 |  5.4
Armour         | 4 |  4.9
Evocations     | 1 2 |  2.7
Fighting       | 4 |  4.3
Shields        | 4 |  4.4
Invocations    | 1 |  1.1

Action                   |  1- 3 |  4- 6 |  7- 9 || total
-------------------------+-------+-------+-------++-------
Melee: War axe           |   118 |   123 |    77 ||   318
  Use: Scroll            |     6 |     5 |     3 ||    14
Armor: Scale mail        |    17 |       |       ||    17
       Chain mail        |    62 |   101 |    87 ||   250
Dodge: Dodged            |    47 |    59 |    51 ||   157
Block: Buckler           |    26 |    31 |    37 ||    94

Table legend: (Time is in decaauts)
 A = Elapsed time spent in this place.
 B = Non-inter-level travel time spent in this place.
 C = Inter-level travel time spent in this place.
 D = Time resting spent in this place.
 E = Time spent auto-exploring this place.
 F = Levels seen in this place.
 G = Mean time per level.
                   A        B        C        D        E       F      G
               +--------+--------+--------+--------+--------+-----+--------+
         Total |   4476 |   4460 |     16 |    386 |   2990 |   6 |  746.0 |
       Dungeon |   4476 |   4460 |     16 |    386 |   2990 |   6 |  746.0 |
               +--------+--------+--------+--------+--------+-----+--------+

Top non-repeatable levels by time:
     D:5: 1197 daAuts
     D:4: 883 daAuts
     D:1: 813 daAuts
     D:2: 767 daAuts
     D:3: 533 daAuts
     D:6: 281 daAuts
